 Dungeon Crawl Stone Soup version 0.29.1-12-g30fa7ad0bf (webtiles) character file.

Game seed: 1636244298881455021

53 mikeweasel the Poker (level 4, 0/52 HPs)
             Began as a Human Wanderer on Dec 22, 2022.
             Slain by Crazy Yiuf
             ... wielding a +2 quarterstaff of chaos
              (11 damage)
             ... on level 2 of the Dungeon.
             The game lasted 00:17:53 (1915 turns).

mikeweasel the Poker (Human Wanderer)               Turns: 1915, Time: 00:17:54

Health: 0/52       AC:  5    Str: 14    XL:     4   Next: 11%
Magic:  4/4        EV: 10    Int: 10    God:
Gold:   109        SH:  0    Dex: 15    Spells: 3/3 levels left

rFire   . . .      SeeInvis .   f - +5 rapier
rCold   . . .      Faith    .   (no shield)
rNeg    . . .      Spirit   .   c - +0 ring mail
rPois   .          Reflect  .   (no helmet)
rElec   .          Harm     .   (no cloak)
rCorr   .          Rampage  .   (no gloves)
Will    .....                   (no boots)
Stlth   ..........              (no amulet)
HPRegen 0.17/turn               (no ring)
MPRegen 0.09/turn               (no ring)

@: berserking, very quick
A: no striking features
a: no special abilities


You were on level 2 of the Dungeon.
You visited 1 branch of the dungeon, and saw 2 of its levels.

You collected 109 gold pieces.

Inventory:

Hand Weapons
 a - a +2 spear
 b - a +0 short sword
 f - a +5 rapier (weapon)
 h - a +0 dagger of pain
Missiles
 e - a curare-tipped dart (quivered)
 g - 27 stones
Armour
 c - a +0 ring mail (worn)
Potions
 d - a potion of berserk rage


   Skills:
 + Level 3.2 Fighting
 + Level 2.2 Short Blades
 + Level 4.8 Polearms
 + Level 0.5 Throwing
 + Level 1.4 Armour
 + Level 0.1 Dodging
 + Level 0.1 Stealth


You had 3 spell levels left.
You didn't know any spells.
Your spell library contained the following spells:

 Spells                   Type           Power      Damage    Failure   Level
 Ignite Poison            Fire/Tmut/Pois 0%         N/A       93%         3
 Mephitic Cloud           Conj/Pois/Air  0%         N/A       93%         3
 Freezing Cloud           Conj/Ice/Air   0%         6-21      100%        5


Dungeon Overview and Level Annotations

Branches:
Dungeon (2/15)

Altars:

Annotations:
D:2 Crazy Yiuf


Message History

You open the door.
There is an open door here.
There is an open door here.
You open the door.
There is an open door here.
As you open the door, it creaks loudly!
There is an open door here.
There is an open door here.
Sorry, I don't know how to get there.
Sorry, I don't know how to get there.
Sorry, I don't know how to get there.
Partly explored, can't reach some places.
Partly explored, can't reach some places.
You hit the fungus.
The fungus begins to die.
The fungus is lightly damaged.
You hit the fungus.
The fungus is lightly damaged.
You hit the fungus.
The fungus is lightly damaged.
You hit the fungus.
The fungus is lightly damaged.
A nearby fungus withers and dies.
Found a hammer.
Found a runed translucent door.
Crazy Yiuf grits, "Whiteboard foot sallow!"
Could not explore, unopened runed door.
Could not explore, unopened runed door.
You open the door. Crazy Yiuf hits you but does no damage.
Space warps horribly around you!
You hit Crazy Yiuf.
Crazy Yiuf is moderately wounded.
Crazy Yiuf hits you with a +2 quarterstaff of chaos!
* * * LOW HITPOINT WARNING * * *
A red film seems to cover your vision as you go berserk!
You feel yourself moving faster!
You feel mighty!
Crazy Yiuf hits you with a +2 quarterstaff of chaos.
* * * LOW HITPOINT WARNING * * *
You puncture Crazy Yiuf!
Crazy Yiuf is heavily wounded.
Crazy Yiuf hits you with a +2 quarterstaff of chaos!
You die...

#.# ###
#....##.###
###.#
#...###.###
....# #####
##.## #....
##### #..)#
#.# #####
#...# #.# ...
#.# #'# #.#
♣♣g♣ #.# ###
######## ♣@♣♣
#.###.##
.......# ♣♣.♣
#.##.#.##
######.######
♣.♣♣
##.#.###)##
######.#....#
♣♣.♣♣ #...##
##..
....##.#.####
♣.PP♣♣
##.#.###.##
###.##.#.#
♣.♣PP♣
#...#.#.## #
#.##.#.#
#....#
#....#.##
###.##.#.#
#####..##
#...####
.......#.#
#.# #...#
##.##


You could see Crazy Yiuf.

Vanquished Creatures
  An adder (D:2)
  A worm (D:2)
  2 bats
  4 endoplasms
  2 giant cockroaches (D:1)
  3 goblins
  4 hobgoblins (D:1)
  5 jackals
  5 kobolds
  2 quokkas (D:2)
  4 ball pythons
  A frilled lizard (D:2)
  3 rats
37 creatures vanquished.

Vanquished Creatures (others)
  A fungus (D:2)
1 creature vanquished.

Grand Total: 38 creatures vanquished

Notes
Turn   | Place    | Note
-------+----------+-------------------------------------------
     0 | D:1      | mikeweasel the Human Wanderer began the quest for the Orb.
     0 | D:1      | mikeweasel set off with the following items: a +2 spear, a
                  | +0 short sword, a +0 ring mail, a potion of berserk rage.
     0 | D:1      | Reached XP level 1. HP: 18/18 MP: 1/1
   214 | D:1      | Reached XP level 2. HP: 18/24 MP: 2/2
   641 | D:1      | Reached XP level 3. HP: 29/29 MP: 3/3
   714 | D:1      | Found a faded altar of an unknown god.
  1821 | D:2      | Reached XP level 4. HP: 35/35 MP: 4/4
  1906 | D:2      | Found a runed translucent door.
  1907 | D:2      | Noticed Crazy Yiuf
  1915 | D:2      | Slain by Crazy Yiuf

Illustrated notes

Levels and vault maps discovered:
D:1:      dpeg_arrival_brainrot, layout_rooms,
          shapermc_ecumenical_altar_mp_highgroup
D:2:      layout_loops_corners, chequers_serial_rivers_micro_a,
          uniq_crazy_yiuf_cottage

Action                   |  1- 3 |  4- 6 || total
-------------------------+-------+-------++-------
Melee: Spear             |    41 |       ||    41
       Rapier            |    40 |     6 ||    46
Throw: Dart              |    18 |       ||    18
  Use: Potion            |     3 |     1 ||     4
       Scroll            |     4 |       ||     4
Armor: Ring mail         |    30 |     1 ||    31
Dodge: Dodged            |    30 |       ||    30
